 Dungeon Crawl Stone Soup version 0.29.1-13-g9f3cf754e1 (webtiles) character file.

Game seed: 18302846977443529851

47 shadowmeld the Sneak (level 3, 0/17 HPs)
             Began as a Spriggan Enchanter on Jan 27, 2023.
             Slain by a bat (1 damage)
             ... on level 2 of the Dungeon.
             The game lasted 00:20:21 (2919 turns).

shadowmeld the Sneak (Spriggan Enchanter)           Turns: 2919, Time: 00:20:22

Health: 0/17       AC:  3    Str:  2 (4)  XL:     3   Next: 48%
Magic:  6/8        EV: 17    Int: 13 (16) God:
Gold:   153        SH:  0    Dex: 16 (17) Spells: 5/7 levels left

rFire   . . .      SeeInvis +   o - +0 short sword (drain)
rCold   . . .      Faith    .   (no shield)
rNeg    . . .      Spirit   .   b - +0 robe
rPois   .          Reflect  .   (helmet restricted)
rElec   .          Harm     .   s - +0 cloak
rCorr   .          Rampage  .   (gloves unavailable)
Will    .....                   (boots unavailable)
Stlth   +++.......              (no amulet)
HPRegen 0.05/turn               (no ring)
MPRegen 0.11/turn               (no ring)

@: invisible (expiring), very quick
A: very small, no large weapons, unfitting armour, see invisible, speed 3
a: no special abilities


You were on level 2 of the Dungeon.
You visited 1 branch of the dungeon, and saw 3 of its levels.

You collected 153 gold pieces.

Inventory:

Hand Weapons
 a - a +1 dagger
 f - a +0 short sword
 n - a +0 shortbow
 o - a +0 short sword of draining (weapon)
 r - a +0 sling
Missiles
 d - 14 stones (quivered)
 t - 4 atropa-tipped darts
Armour
 b - a +0 robe (worn)
 s - a +0 cloak (worn)
Magical Staves
 e - a staff of fire
Scrolls
 g - a scroll of blinking {unknown}
 h - a scroll of noise
 i - a scroll of identify
 j - a scroll of teleportation
 k - a scroll of fear {unknown}
 p - a scroll of poison {unknown}
 q - a scroll of amnesia {unknown}
Potions
 c - a potion of invisibility
 l - 2 potions of degeneration
 m - a potion of might


   Skills:
 * Level 0.8 Fighting
 + Level 1.5 Short Blades
 + Level 3.1 Dodging
 * Level 5.5 Stealth
 + Level 2.8 Spellcasting
 + Level 4.0 Hexes


You had 5 spell levels left.
You knew the following spells:

 Your Spells              Type           Power      Damage    Failure   Level
a - Ensorcelled Hibernat  Hex/Ice        14%        N/A       16%         2

Your spell library contained the following spells:

 Spells                   Type           Power      Damage    Failure   Level
 Confusing Touch          Hex            12%        N/A       13%         3
 Tukima's Dance           Hex            12%        N/A       13%         3
 Summon Small Mammal      Summ           4%         N/A       24%         1
 Dazzling Flash           Conj/Hex       14%        N/A       30%         3
 Summon Guardian Golem    Hex/Summ       7%         N/A       30%         3
 Blink                    Tloc           2%         N/A       34%         2
 Call Canine Familiar     Summ           1%         N/A       56%         3
 Lesser Beckoning         Tloc           1%         N/A       56%         3
 Animate Dead             Necr           1%         N/A       93%         4
 Manifold Assault         Tloc           1%         N/A       100%        5
 Haunt                    Necr/Summ      0%         N/A       100%        7
 Infestation              Necr           0%         N/A       100%        8


Dungeon Overview and Level Annotations

Branches:
Dungeon (3/15)

Altars:


Innate Abilities, Weirdness & Mutations

You are very small and have problems with some larger weapons.
You are too small for most types of armour.
You have supernaturally acute eyesight. (SInv)
You cover ground extremely quickly. (Speed+++)


Message History

The bat hits you.
* * * LOW HITPOINT WARNING * * *
The bat misses you. The bat closely misses you.
You closely miss the bat. The bat hits you but does no damage.
The bat hits you but does no damage.
You hit the bat.
The bat is severely wounded.
The bat misses you. The bat closely misses you.
You barely miss the bat.
The bat is moderately wounded.
The bat hits you.
* * * LOW HITPOINT WARNING * * *
The bat completely misses you.
You closely miss the bat.
The bat is moderately wounded.
The bat hits you but does no damage.
You closely miss the bat.
The bat is moderately wounded.
The bat hits you.
* * * LOW HITPOINT WARNING * * *
Casting: Ensorcelled Hibernation (safe; 16% risk of failure)
Confirm with . or Enter, or press ? or * to list all spells.
Aiming: Ensorcelled Hibernation (safe; 16% risk of failure)
Press: ? - help, Shift-Dir - straight line, f - bat
Aim: a bat (moderately wounded, chance to affect: 58%)
The bat resists with significant effort.
The bat completely misses you. The bat attacks as you move away!
The bat misses you.
You flicker for a moment.
The bat hits you but does no damage.
You hit the bat but do no damage. You drain the bat.
The bat is severely wounded.
The bat misses you.
You closely miss the bat.
The bat is severely wounded.
The bat hits you but does no damage.
You closely miss the bat.
The bat is severely wounded.
The bat hits you.
You die...

## ######################### #.
#>......................#####.
##[).#.################.#...'.
##...................#.#.###.
#..#..##.#.########.#)#.###.
#..........@b....)..........
#.###....############.#.####
######'#.................#.#.#
.............###########.#.#.####
.................).# #.#.#.##..
............#.####.### #.#.#.##..
...........##.# ...###...#..+..
........)..##.######...########..
...........##.#..................


You could see a bat (very drained).

Vanquished Creatures
  A worm (D:2)
  A dart slug (D:1)
  5 ball pythons
  7 bats (D:1)
  3 endoplasms (D:1)
  A giant cockroach (D:1)
  8 goblins
  6 hobgoblins
  2 frilled lizards (D:1)
  3 kobolds
  2 rats (D:1)
39 creatures vanquished.

Notes
Turn   | Place    | Note
-------+----------+-------------------------------------------
     0 | D:1      | shadowmeld the Spriggan Enchanter began the quest for the
                  | Orb.
     0 | D:1      | Reached XP level 1. HP: 9/9 MP: 5/5
   338 | D:1      | Reached XP level 2. HP: 9/13 MP: 6/6
   610 | D:1      | Reached skill level 5 in Stealth
  1108 | D:1      | Learned a level 2 spell: Ensorcelled Hibernation
  1475 | D:1      | Reached XP level 3. HP: 6/17 MP: 5/8
  2322 | D:2      | You fall into a shaft and drop 1 floor!
  2919 | D:2      | Slain by a bat

Illustrated notes

Levels and vault maps discovered:
D:1:      lemuel_arrival_cross, layout_basic
D:2:      layout_basic
D:3:      layout_rooms, nicolae_dithmenos_the_darkroom, portal_sewer_entry_d

Skill      XL: |  1  2 |
---------------+-------+-----
Hexes          | 4 |  4.0
Stealth        | 5 |  5.5
Dodging        | 3 |  3.1
Fighting       | |  0.8
Short Blades   | |  1.5
Spellcasting   | |  2.8

Action                   || total
-------------------------++-------
Melee: Dagger            ||    90
       Short sword       ||    32
Throw: Stone             ||     6
 Cast: Ensorcelled Hiber ||     5
  Use: Scroll            ||     4
       Potion            ||     2
 Stab: Sleeping          ||     8
Armor: Robe              ||    20
Dodge: Dodged            ||   116
